 Dungeon Crawl Stone Soup version 0.30-a0-965-g42e074c17a (webtiles) character file.

Game seed: 13272733605481807387

766 Lobster4 the Shooter (level 7, -4/48 HPs)
             Began as a Spriggan Hunter on Mar 30, 2023.
             Was a Follower of Hepliaklqana.
             Slain by a killer bee (7 damage)
             ... on level 5 of the Dungeon on Mar 31, 2023.
             The game lasted 00:16:36 (4248 turns).

Lobster4 the Shooter (Spriggan Hunter)              Turns: 4248, Time: 00:16:37

Health: -4/48      AC: 23    Str:  7    XL:     7   Next: 52%
Magic:  8/8        EV:  4    Int: 11    God:    Hepliaklqana [*.....]
Gold:   258        SH:  0    Dex: 20    Spells: 6/6 levels left

rFire   . . .      SeeInvis +    a - +0 shortbow
rCold   . . .      Faith    .    (shield currently unavailable)
rNeg    . . .      Spirit   .    c - melded +0 robe
rPois   +          Reflect  .    (helmet currently unavailable)
rElec   .          Rampage  .    s - melded +1 cloak
rCorr   .          NoTele   +    (gloves unavailable)
Will    +....                    (boots unavailable)
Stlth   +++                      u - amulet of magic regeneration
HPRegen 0.28/turn                (no ring)
MPRegen 0.51/turn                (no ring)

@: tree-form
A: stationary, stasis, torment immunity, boosted hp, reduced essence, very
small, no large weapons, unfitting armour, see invisible, (speed 3)
a: Renounce Religion, Recall Ancestor, Ancestor Identity


You were on level 5 of the Dungeon.
You worshipped Hepliaklqana.
Hepliaklqana was aware of your devotion.
You were a tree.
You visited 2 branches of the dungeon, and saw 6 of its levels.

You collected 258 gold pieces.

Inventory:

Hand Weapons
 a - a +0 shortbow (weapon)
 g - a +0 short sword
 t - a +0 sling
 w - a +1 dagger of protection
Missiles
 e - 64 stones
 i - 2 throwing nets
 q - 2 poisoned darts
Armour
 c - a +0 robe (melded)
 n - a +0 buckler
 s - a +1 cloak (melded)
Magical Staves
 o - a staff of earth
Jewellery
 u - an amulet of magic regeneration (around neck)
Scrolls
 b - a scroll of immolation
 m - a scroll of teleportation
 r - a scroll of magic mapping {unknown}
Potions
 f - a potion of ambrosia {unknown}
 j - a potion of mutation
 k - a potion of invisibility
 l - 2 potions of brilliance {unknown}
 p - a potion of curing
 v - a potion of heal wounds {unknown}


   Skills:
 + Level 3.1 Fighting
 + Level 2.9 Short Blades
 * Level 6.1 Ranged Weapons
 + Level 1.7 Throwing
 + Level 4.9 Dodging
 + Level 5.0 Stealth
 + Level 2.3 Evocations


You had 6 spell levels left.
You didn't know any spells.
Your spell library was empty.

Dungeon Overview and Level Annotations

Branches:
Dungeon (5/15)             Temple (1/1) D:4

Altars:
Ashenzari
Cheibriados
Dithmenos
Elyvilon
Gozag
Hepliaklqana
Kikubaaqudgha
Makhleb
Qazlal
Trog
Xom
Yredelemnul
Zin

Annotations:
D:3 Natasha, Sigmund
D:4 exclusion: orc wizard


Innate Abilities, Weirdness & Mutations

You are a tree.
Your roots penetrate the ground, keeping you stationary.
You cannot be teleported.
You are immune to unholy pain and torment.
Your maximum health is greatly increased.
Your equipment is partially melded.
Your life essence is reduced to manifest your ancestor. (-10% HP)
You are very small and have problems with some larger weapons.
You are too small for most types of armour.
You have supernaturally acute eyesight. (SInv)
((You cover ground extremely quickly. (Speed+++)))


Message History

Really quaff the potion of lignification?
You turn into a tree.
Your +1 cloak melds into your body.
Your +0 robe melds into your body.
Your roots penetrate the ground.
You are too injured to fight recklessly!
You are too injured to fight recklessly!
You are too injured to fight recklessly!
You shoot an arrow. The arrow misses the killer bee.
The killer bee buzzes angrily.
The killer bee barely misses you. The killer bee stings you!
The killer bee stings you but does no damage.
The killer bee barely misses you.
You shoot an arrow. The arrow misses the killer bee.
The killer bee stings you but does no damage.
The killer bee stings you.
The killer bee stings you but does no damage. x2
You shoot an arrow. The arrow hits the killer bee.
The killer bee is moderately wounded.
The killer bee stings you but does no damage.
The killer bee barely misses you.
The killer bee stings you but does no damage.
The killer bee barely misses you.
The killer bee stings you but does no damage. x2
You shoot an arrow. The arrow barely misses the killer bee.
The killer bee stings you.
* * * LOW HITPOINT WARNING * * *
The killer bee stings you but does no damage. x2
The killer bee closely misses you.
You shoot an arrow. The arrow hits the killer bee!
The killer bee is almost dead.
The killer bee stings you but does no damage.
The killer bee stings you.
* * * LOW HITPOINT WARNING * * *
The killer bee stings you.
* * * LOW HITPOINT WARNING * * *
The killer bee stings you but does no damage.
You shoot an arrow. The arrow hits the killer bee.
The killer bee is almost dead.
The killer bee stings you but does no damage.
The killer bee stings you!
You die...

##### ....######
######
##y..##...###.....
#♣._..#....##.####
#.y...#.....#.# #
#######.....#.# #
............#.# #
..............####
......)......<#...
....†.......y.#.#.
...........)R.....
...........###..##


You could see 2 killer bees.

Vanquished Creatures
  3 ogres
  A scorpion (D:4)
  A killer bee (D:5)
  An iguana (D:4)
  2 orc wizards
  5 gnolls
  12 adders
  A white imp (D:5)
  3 ufetubi
  5 worms
  5 dart slugs
  8 orcs
  5 endoplasms
  3 giant cockroaches
  6 goblins
  8 hobgoblins
  3 jackals
  A quokka (D:4)
  9 ball pythons
  6 bats
  2 frilled lizards
  3 kobolds
  2 rats
95 creatures vanquished.

Vanquished Creatures (collateral kills)
  An iguana (D:4)
  An orc wizard (D:4)
  2 dart slugs (D:4)
  A giant cockroach (D:4)
  2 goblins (D:4)
7 creatures vanquished.

Vanquished Creatures (others)
  4 ancestors
  19 withered plants (D:3)
23 creatures vanquished.

Grand Total: 125 creatures vanquished

Notes
Turn   | Place    | Note
-------+----------+-------------------------------------------
     0 | D:1      | Lobster4 the Spriggan Hunter began the quest for the Orb.
     0 | D:1      | Reached XP level 1. HP: 10/10 MP: 2/2
   149 | D:1      | Reached XP level 2. HP: 15/15 MP: 3/3
   612 | D:2      | Reached XP level 3. HP: 18/18 MP: 4/4
   835 | D:2      | Reached XP level 4. HP: 17/23 MP: 5/5
   913 | D:2      | Found an opulent altar of Gozag.
   919 | D:2      | Reached skill level 1 in Short Blades
  1530 | D:3      | Noticed Sigmund
  1561 | D:3      | Noticed an ogre
  1670 | D:3      | Killed an ogre
  1671 | D:3      | Reached skill level 5 in Ranged Weapons
  1671 | D:3      | Reached XP level 5. HP: 27/27 MP: 6/6
  1825 | D:3      | Found a shimmering altar of Xom.
  2081 | D:3      | Reached XP level 6. HP: 32/32 MP: 7/7
  2297 | D:3      | Noticed Natasha
  2400 | D:4      | Found a staircase to the Ecumenical Temple.
  2408 | Temple   | Entered the Ecumenical Temple
  2539 | Temple   | Became a worshipper of Hepliaklqana the Forgotten
  2771 | D:4      | Found a snail-covered altar of Cheibriados.
  3045 | D:4      | Noticed a yak
  3202 | D:4      | Reached skill level 1 in Evocations
  3472 | D:5      | Entered Level 5 of the Dungeon
  3669 | D:5      | Found a basalt altar of Yredelemnul.
  3745 | D:5      | Found a white marble altar of Elyvilon.
  3751 | D:5      | Reached * piety under Hepliaklqana
  3802 | D:5      | Reached skill level 1 in Throwing
  3802 | D:5      | Reached XP level 7. HP: 31/31 MP: 8/8
  3850 | D:4      | Reached skill level 6 in Ranged Weapons
  4198 | D:5      | Found a stormy altar of Qazlal.
  4241 | D:5      | Reached skill level 5 in Stealth
  4248 | D:5      | Slain by a killer bee

Illustrated notes

Levels and vault maps discovered:
D:1:      erik_arrival_cave_to_civilisation [erik_arrival_cave_to_hall],
          layout_rooms
D:2:      layout_loops_ring, basic_altar
D:3:      minmay_razor_zed, layout_basic, mainiacjoe_overflow_paths,
          dreamdust_princess_bridge, dilly_guarded_unrand_morg, uniq_sigmund
D:4:      cheibrodos_barr_body, layout_basic, cheibrodos_worm_habitat,
          minmay_temple_entry_junction
D:5:      layout_rooms, mainiacjoe_overflow_chevrons, elyvilon_altar_5,
          led_sif_book, lemuel_tele_altar, mainiacjoe_overflow_alcove_2,
          mainiacjoe_overflow_alcove_1, corexii_leaking_fountain
Temple:   nicolae_temple_superstar

Skill      XL: |  1  2  3  4  5  6  7 |
---------------+----------------------+-----
Stealth        | 2 3 4 5 |  5.0
Dodging        | 3 4 |  4.9
Fighting       | 2 3 |  3.1
Short Blades   | 1 2 |  2.9
Ranged Weapons | 5 6 |  6.1
Evocations     | 1 2 |  2.3
Throwing       | 1 |  1.7

Action                     |  1- 3 |  4- 6 |  7- 9 || total
---------------------------+-------+-------+-------++-------
  Melee: Shortbow          |       |     1 |       ||     1
   Fire: Shortbow          |    69 |   230 |    67 ||   366
  Throw: Throwing net      |       |     1 |       ||     1
 Invoke: Recall Ancestor   |       |       |     2 ||     2
    Use: Scroll            |     1 |     6 |     2 ||     9
         Potion            |       |       |     1 ||     1
 Armour: Robe              |       |     4 |     5 ||     9
         Skin              |       |       |    13 ||    13
  Dodge: Dodged            |    22 |    62 |    33 ||   117

Table legend: (Time is in decaauts)
 A = Elapsed time spent in this place.
 B = Non-inter-level travel time spent in this place.
 C = Inter-level travel time spent in this place.
 D = Time resting spent in this place.
 E = Time spent auto-exploring this place.
 F = Levels seen in this place.
 G = Mean time per level.
                   A        B        C        D        E       F      G
               +--------+--------+--------+--------+--------+-----+--------+
         Total |   3011 |   2746 |    265 |    273 |   1480 |   6 |  501.8 |
       Dungeon |   2907 |   2665 |    242 |    273 |   1417 |   5 |  581.4 |
        Temple |    104 |     81 |     23 |      0 |     63 |   1 |  104.0 |
               +--------+--------+--------+--------+--------+-----+--------+

Top non-repeatable levels by time:
     D:4: 876 daAuts
     D:3: 659 daAuts
     D:2: 644 daAuts
     D:1: 402 daAuts
     D:5: 326 daAuts
  Temple: 104 daAuts
